AoeStats
← Roidz4

African Clearing

505496491Analyzed
2v2 RM · 24d ago on Sep 9, 2026· 27m 13s· 4 players
Game mode
Random Map
Map size
Medium (4 player)
Population
200
Speed
Normal
Resources
Standard
Victory
Conquest
Starting age
Dark Age
Ending age
Imperial Age
RankedLock teamsTeams togetherTeam positionsShared explorationLock speedFull tech treeHidden civsTurbo modeCheats
Victory
Defeat
🇨🇱 Mongols · Chile
1196
+18
🇯🇵 Cumans · Japan
1184
+19
🇪🇸 Burgundians · Spain
1264
-19
🇿🇦 Mongols · South Africa
1226
-18
Roidz4
12:48 Feudal Age
11:05 Loom
18:15 Castle Age
19:41 Double-Bit Axe
19:37 Horse Collar
26:49 Forging
26:51 Scale Barding Armor
misko jones
4:19 Loom
11:37 Feudal Age
10:10 Double-Bit Axe
12:06 Horse Collar
12:31 Horse Collar
16:03 Wheelbarrow
17:55 Town Watch
18:54 Forging
19:36 Scale Barding Armor
Walter2000
9:22 Loom
11:58 Feudal Age
13:00 Double-Bit Axe
17:43 Fishing Lines
23:24 Castle Age
22:42 Wheelbarrow
22:30 Horse Collar
24:46 Heavy Plow
25:03 Bow Saw
26:55 Gold Mining
26:57 Stone Mining
27:29 Hand Cart
27:00 Town Watch
27:08 Capped Ram
semarch98
13:41 Feudal Age
12:23 Loom
18:27 Castle Age
19:01 Scale Barding Armor
19:04 Double-Bit Axe
23:11 Forging
27:36 Chain Barding Armor
Connection lost

Rejoining the realm…

Still unreachable

The connection could not be restored.

Session expired

The server has moved on; the page needs a fresh start.